 Dungeon Crawl Stone Soup version 0.31-a0-868-g674d60d6f7 (webtiles) character file.

Game seed: 2364098850215771649

13850 linos100 the Fighter (level 11, -2/119 HPs)
             Began as a Troll Berserker on Oct 11, 2023.
             Was a Priest of Trog.
             Slain by a wyvern (3 damage)
             ... on level 10 of the Dungeon on Oct 12, 2023.
             The game lasted 02:07:44 (8546 turns).

linos100 the Fighter (Troll Berserker)              Turns: 8546, Time: 02:07:45

Health: -2/119     AC:  9    Str: 29    XL:     11   Next: 81%
Magic:  10/10      EV: 18    Int:  3    God:    Trog [***...]
Gold:   674        SH:  0    Dex: 23    Spells: 10/10 levels left

rFire   . . .        q - +10 falchion "Vapris Fodd" {flame, Fragile rC+ Dex+6}
rCold   + . .        (no shield)
rNeg    . . .        U - +0 steam dragon scales
rPois   .            (helmet restricted)
rElec   .            H - +0 cloak {Stlth+}
rCorr   .            (gloves unavailable)
SInv    .            (boots unavailable)
Will    .....        (no amulet)
Stlth   ++++         N - +6 ring of dexterity
HPRegen 1.19/turn    (no ring)
MPRegen 0.12/turn

%: no passive effects
@: lethally poisoned (-2 -> -6), about to teleport, on berserk cooldown, slowed,
very slow
A: large, unfitting armour, claws 3, regeneration 1, shaggy fur 2, tough skin 1,
sense surroundings 1
a: Renounce Religion, Berserk, Trog's Hand


You were on level 10 of the Dungeon.
You worshipped Trog.
Trog was most pleased with you.
You visited 2 branches of the dungeon, and saw 11 of its levels.
You also visited: Sewer and Ossuary.

You collected 754 gold pieces.
You spent 80 gold pieces at shops.

Inventory:

Hand Weapons
 g - a +0 spear of venom
 p - a +2 dagger of electrocution
 q - the +10 falchion "Vapris Fodd" (weapon) {flame, Fragile rC+ Dex+6}
   (You found it on level 3 of the Dungeon)

   Dex+6:     It affects your dexterity (+6).
   rC+:       It protects you from cold.
   Fragile:   It will be destroyed if unequipped.
 x - a +0 sling of draining
 E - a +4 whip
 G - a +3 quarterstaff of chaos
 I - a +3 flail
 J - a +2 flail of protection
 K - a +0 halberd of flaming
 O - the +8 rapier of Integrity {antimagic, rN+ Str+3 Int-3 SInv}
   (You found it on level 7 of the Dungeon)

   Str+3:     It affects your strength (+3).
   Int-3:     It affects your intelligence (-3).
   rN+:       It protects you from negative energy.
   SInv:      It lets you see invisible.
 S - a +0 long sword of flaming
Missiles
 B - 45 stones
 C - 2 throwing nets
Armour
 a - a +0 animal skin
 d - a +0 scale mail
 j - a +0 robe
 H - a +0 cloak of stealth (worn)
 Q - the +3 buckler "Uxeyrosmo" {rC++}
   (You found it on level 7 of the Dungeon)

   rC++:      It greatly protects you from cold.
 T - +0 acid dragon scales
 U - +0 steam dragon scales (worn)
 V - +0 steam dragon scales
Jewellery
 N - a +6 ring of dexterity (left claw)
Talismans
 r - a blade talisman
Wands
 i - a wand of charming (10)
 R - a wand of polymorph (8)
 W - a wand of light (6)
Scrolls
 b - a scroll of revelation
 c - a scroll of torment {unknown}
 e - a scroll of amnesia {unknown}
 f - 2 scrolls of enchant armour {unknown}
 l - 7 scrolls of teleportation
 m - 2 scrolls of vulnerability
 n - a scroll of brand weapon {unknown}
 w - 3 scrolls of identify
 y - 3 scrolls of blinking
 z - a scroll of fog {unknown}
 A - a scroll of fear {unknown}
 M - a scroll of noise {unknown}
Potions
 h - 2 potions of attraction {unknown}
 k - 2 potions of degeneration {unknown}
 o - 4 potions of curing
 s - 5 potions of invisibility
 t - 3 potions of heal wounds
 u - 2 potions of might
 v - 4 potions of brilliance
 D - 3 potions of enlightenment {unknown}
 F - 3 potions of lignification
 L - a potion of ambrosia {unknown}
 P - 2 potions of berserk rage {unknown}


   Skills:
 + Level 10.7 Fighting
 + Level 7.5 Long Blades
 + Level 0.7 Armour
 + Level 10.6 Dodging
 + Level 2.6 Stealth
 + Level 5.8 Unarmed Combat


You had 10 spell levels left.
You didn't know any spells.
Your spell library contained the following spells:

 Spells                   Type           Power      Damage    Failure   Level
 Summon Ice Beast         Ice/Summ       0%         N/A       99%         4
 Iskenderun's Battlesphe  Conj           0%         2d6       100%        5
 Summon Mana Viper        Hex/Summ       0%         N/A       100%        5
 Bombard                  Conj/Erth      0%         9d1       100%        6
 Monstrous Menagerie      Summ           0%         N/A       100%        7
 Spellforged Servitor     Conj/Summ      0%         N/A       100%        7


Dungeon Overview and Level Annotations

Branches:
Dungeon (10/15)            Temple (1/1) D:6           Sewer (visited)
Ossuary (visited)
   Lair: D:8-11         Orc: D:9-12

Altars:
Ashenzari
Cheibriados
Dithmenos
Fedhas
Gozag
Hepliaklqana
Kikubaaqudgha
Makhleb
Nemelex Xobeh
Okawaru
Qazlal
Ru
Sif Muna
Trog
Uskayaw
Vehumet
Wu Jian
Xom
Yredelemnul
Zin
The Shining One

Shops:
D:1 =[*   D:5 (!:


Innate Abilities, Weirdness & Mutations

You are too large for most types of armour.
You have claws for hands.
Your natural rate of healing is unusually fast.
You are covered in thick fur. (AC +2)
You have tough skin. (AC +1)
You passively map a small area around you.


Message History

The wyvern bites you but does no damage.
The wolf bites you but does no damage. The water moccasin bites you.
You are more poisoned.
The water moccasin poisons you!
The water moccasin bites you but does no damage.
The scorpion barely misses you.
You feel very sick. The wyvern completely misses you.
The water moccasin bites you but does no damage.
The scorpion stings you but does no damage.
You feel a strong urge to attack something.
You are no longer berserk.
You are exhausted.
You feel yourself slow down.
You feel very sick. The wolf attacks as it pursues you! The wolf misses you.
The water moccasin completely misses you.
The wolf bites you.
You closely miss the water moccasin.
You feel very sick. The wolf closely misses you. The water moccasin misses you.
The water moccasin barely misses you. The water moccasin bites you.
The wyvern bites you!
* * * LOW HITPOINT WARNING * * *
The wolf misses you. The water moccasin barely misses you.
As you read the scroll of teleportation, it crumbles to dust.
You feel strangely unstable.
You feel very sick. The water moccasin misses you. The wolf bites you!
* * * LOW HITPOINT WARNING * * *
The water moccasin bites you.
* * * LOW HITPOINT WARNING * * *
The wyvern bites you!
* * * LOW HITPOINT WARNING * * *
The water moccasin completely misses you.
The water moccasin bites you.
* * * LOW HITPOINT WARNING * * *
The wolf bites you but does no damage. The water moccasin closely misses you.
The wyvern bites you.
You die...

..#≈# ,*.....♣.....P..#
..#≈# ..P...........
###≈## ** #.......P...#
...≈.## #.......♣..####
...~..### ##P...P#.....#
##.~....# ##...†.........
#######.# #...hh.........
##.# #.# #...ShS........
...####.####...S@lh.......
...##.#........s..........
..<##..#..................
.)........................
.))####.#..............[..
...# #.............#.....#
)..#.....#######.#########
.)...#.... #.# ##..####..)
#.#


You could see 3 water moccasins, 2 black bears, a wyvern, 2 wolves and a
scorpion.

Vanquished Creatures
  Erica (D:8)
  2 two-headed ogres (D:10)
  A wizard (D:9)
  An ugly thing (D:9)
  Maggie (D:7)
  A kobold demonologist (D:10)
  A hornet (D:7)
  Sigmund (D:2)
  2 wyverns
  10 yaks
  4 steam dragons
  An acid dragon (D:8)
  4 water moccasins
  5 sky beasts
  7 orc warriors
  A black bear (D:6)
  An ice beast (D:7)
  A wolf (D:10)
  3 ogres
  2 centaurs
  2 elf zombies (Ossuary)
  3 bullfrogs
  A gnoll sergeant (D:10)
  4 kobold brigands
  3 scorpions
  A wight (D:8)
  A howler monkey (D:4)
  A crimson imp (D:9)
  A quasit (D:7)
  4 hounds
  Crazy Yiuf (D:4)
  10 orc priests
  A sleepcap (D:7)
  Jessica (D:2)
  11 orc wizards
  An iguana (D:6)
  3 mummies
  34 gnolls
  7 adders
  2 ufetubi
  5 adder zombies (Ossuary)
  2 worms
  A dart slug (D:1)
  52 orcs
  13 bats
  4 endoplasms
  8 giant cockroaches
  5 hobgoblins
  14 jackals
  16 kobolds
  5 quokkas
  14 ball pythons
  9 frilled lizards
  11 goblins
  2 goblin zombies (Ossuary)
  7 hobgoblin zombies (Ossuary)
  10 kobold zombies
  11 orc zombies
  13 rats
  A rat zombie (Ossuary)
345 creatures vanquished.

Vanquished Creatures (collateral kills)
  The ghost of pokeman the Thaumaturge, a novice DEHW of Vehumet (D:7)
  2 quasits (D:7)
3 creatures vanquished.

Vanquished Creatures (others)
  A human (D:7)
1 creature vanquished.

Grand Total: 349 creatures vanquished

Notes
Turn   | Place    | Note
-------+----------+-------------------------------------------
     0 | D:1      | linos100 the Troll Berserker began the quest for the Orb.
     0 | D:1      | Reached XP level 1. HP: 22/22 MP: 0/0
    19 | D:1      | Found Viotivufa's Antique Armour Shoppe.
   154 | D:1      | Reached XP level 2. HP: 29/29 MP: 1/1
   181 | D:1      | Found Lupnona's Jewellery Boutique.
   531 | D:1      | Found Diebem's General Store.
   540 | D:1      | Reached XP level 3. HP: 18/36 MP: 2/2
   587 | D:1      | Reached ** piety under Trog
   857 | D:2      | Noticed Sigmund
   865 | D:2      | Killed Sigmund
   866 | D:2      | Reached XP level 4. HP: 44/45 MP: 3/3
   866 | D:2      | Reached XP level 5. HP: 52/53 MP: 4/4
   869 | D:2      | Reached skill level 5 in Unarmed Combat
  1298 | D:2      | Noticed Jessica
  1310 | D:2      | Killed Jessica
  1593 | D:3      | Reached XP level 6. HP: 55/61 MP: 5/5
  1739 | D:3      | Found a shimmering altar of Xom.
  1942 | D:3      | Identified the +10 falchion "Vapris Fodd" {flame, Fragile
                  | rC+ Dex+6}
  2079 | D:3      | Found a glowing drain.
  2083 | Sewer    | Entered a sewer
  2291 | Sewer    | Reached skill level 1 in Long Blades
  2291 | Sewer    | Reached XP level 7. HP: 67/67 MP: 6/6
  2572 | D:3      | Found a faded altar of an unknown god.
  2997 | D:4      | Reached *** piety under Trog
  3013 | D:4      | Reached skill level 1 in Stealth
  3243 | D:4      | Found a runed translucent door.
  3244 | D:4      | Noticed Crazy Yiuf
  3252 | D:4      | Killed Crazy Yiuf
  3670 | D:4      | Reached XP level 8. HP: 88/88 MP: 7/7
  3819 | D:4      | Reached XP level 9. HP: 11/96 MP: 8/8
  4239 | D:4      | Reached skill level 10 in Fighting
  4239 | D:4      | Reached skill level 10 in Dodging
  4239 | D:4      | Reached XP level 10. HP: 110/110 MP: 9/9
  4241 | D:5      | Entered Level 5 of the Dungeon
  4357 | D:5      | Found Higu's Weapon Emporium.
  4360 | D:5      | Found Zaitzub's Distillery.
  4362 | D:5      | Found Ymmoteus's Book Shop.
  4388 | D:5      | Bought a potion of heal wounds for 50 gold pieces
  4388 | D:5      | Bought a potion of curing for 30 gold pieces
  4538 | D:6      | Found a staircase to the Ecumenical Temple.
  4564 | D:6      | Found a sand-covered staircase.
  4569 | Ossuary  | Entered an ossuary
  4603 | Ossuary  | Reached **** piety under Trog
  4791 | Ossuary  | Gained mutation: Potions are less effective at restoring
                  | your health. [potion of mutation]
  4791 | Ossuary  | Gained mutation: You are partially covered in iridescent
                  | scales. (AC +2) [potion of mutation]
  4791 | Ossuary  | Gained mutation: You occasionally shout uncontrollably at
                  | your foes. [potion of mutation]
  4838 | D:6      | Lost mutation: You occasionally shout uncontrollably at
                  | your foes. [potion of mutation]
  4838 | D:6      | Lost mutation: You are partially covered in iridescent
                  | scales. (AC +2) [potion of mutation]
  4838 | D:6      | Gained mutation: You have large cloven feet. [potion of
                  | mutation]
  4838 | D:6      | Gained mutation: You are partially covered in iridescent
                  | scales. (AC +2) [potion of mutation]
  4839 | D:6      | Lost mutation: Potions are less effective at restoring your
                  | health. [potion of mutation]
  4839 | D:6      | Lost mutation: You are partially covered in iridescent
                  | scales. (AC +2) [potion of mutation]
  4839 | D:6      | Lost mutation: You have large cloven feet. [potion of
                  | mutation]
  4839 | D:6      | Gained mutation: You have large cloven feet. [potion of
                  | mutation]
  4839 | D:6      | Gained mutation: Your body sometimes deteriorates upon
                  | taking damage. [potion of mutation]
  4840 | D:6      | Lost mutation: Your body sometimes deteriorates upon taking
                  | damage. [potion of mutation]
  4840 | D:6      | Lost mutation: You have large cloven feet. [potion of
                  | mutation]
  4840 | D:6      | Gained mutation: You are covered in thick fur. (AC +2)
                  | [potion of mutation]
  4840 | D:6      | Gained mutation: You passively map a small area around you.
                  | [potion of mutation]
  4845 | D:6      | Upgraded the game from 0.31-a0-865-g3d5d91748a to
                  | 0.31-a0-868-g674d60d6f7
  5036 | D:6      | Found a snail-covered altar of Cheibriados.
  5387 | Temple   | Entered the Ecumenical Temple
  5585 | D:7      | Found a transporter.
  5599 | D:7      | Noticed pokeman's ghost (novice DEHW)
  5615 | D:7      | Found a transporter.
  5747 | D:7      | Killed pokeman's ghost
  5916 | D:7      | Identified the +8 rapier of Integrity {antimagic, rN+ Str+3
                  | Int-3 SInv}
  6021 | D:7      | Found an ancient bone altar of Kikubaaqudgha.
  6305 | D:7      | Found a glowing golden altar of the Shining One.
  6457 | D:7      | Identified the +3 buckler "Uxeyrosmo" {rC++}
  6470 | D:7      | Noticed Maggie
  6477 | D:7      | Killed Maggie
  6481 | D:7      | Paralysed by a hornet for 3 turns
  6725 | D:8      | Reached skill level 5 in Long Blades
  6756 | D:8      | Noticed Erica
  6767 | D:8      | Killed Erica
  6835 | D:8      | Reached XP level 11. HP: 119/119 MP: 10/10
  7232 | D:8      | Found a bloodstained altar of Trog.
  7751 | D:9      | Noticed a green ugly thing
  7765 | D:9      | Killed a green ugly thing
  8254 | D:9      | Noticed a wizard
  8264 | D:9      | Killed a wizard
  8292 | D:10     | Entered Level 10 of the Dungeon
  8382 | D:10     | Noticed a two-headed ogre
  8391 | D:10     | Killed a two-headed ogre
  8442 | D:10     | Noticed a two-headed ogre
  8459 | D:10     | Killed a two-headed ogre
  8546 | D:10     | HP: 1/119 [water moccasin (5)]
  8546 | D:10     | Slain by a wyvern

Illustrated notes

Levels and vault maps discovered:
D:1:      dpeg_arrival_tiny_k, layout_loops_corners, serial_shops, shop, shop,
          shop, minivault_5
D:2:      layout_basic, uniq_jessica, uniq_sigmund
D:3:      layout_loops_ring, lemuel_crystal_altar, gup_sewer_entry_spiral,
          basic_ecumenical_altar, minmay_crystal_room
D:4:      lemuel_castle_with_subvaults [lemuel_castle_interior_carwin_3],
          layout_cave_pools, uniq_crazy_yiuf_cottage
D:5:      layout_basic, mainiacjoe_overflow_catwalk, nicolae_wooded_promenade
D:6:      layout_loops_ring, kennysheep_little_box, minmay_temple_entry_ruins,
          nicolae_ossuary_entry_giza
D:7:      layout_loops_ring, mainiacjoe_overflow_chevrons, tgw_kikubaaqudgha,
          gammafunk_ghost_stat_death, uniq_maggie
D:8:      layout_basic, mainiacjoe_overflow_small_starburst, roderic_batcave,
          hangedman_misty_isle, uniq_erica
D:9:      layout_roguey [special_room_orc], lightli_wizard_tower
D:10:     layout_rooms, minmay_lair_entry_grove, chequers_serial_rivers_micro_b
Temple:   lightli_temple_of_artemis

Skill      XL: |  1  2  3  4  5  6  7  8  9 10 11 |
---------------+----------------------------------+-----
Dodging        | 3 8 10 | 10.6
Fighting       | 3 8 10 | 10.7
Unarmed Combat | 4 5 |  5.8
Long Blades    | 1 3 5 7 |  7.5
Stealth        | 1 2 |  2.6
Armour         | |  0.7

Action                     |  1- 3 |  4- 6 |  7- 9 | 10-12 || total
---------------------------+-------+-------+-------+-------++-------
  Melee: Unarmed           |    77 |    73 |       |       ||   150
         Punch             |     2 |     3 |     7 |    14 ||    26
         Falchion          |       |    50 |   174 |   413 ||   637
 Invoke: Trog's Hand       |     1 |     4 |     4 |    13 ||    22
         Berserk           |       |     4 |     6 |    16 ||    26
         Brothers in Arms  |       |       |       |     2 ||     2
    Use: Scroll            |       |     1 |     5 |     7 ||    13
         Potion            |       |     1 |     2 |     6 ||     9
   Stab: Sleeping          |       |     2 |     2 |     9 ||    13
         Distracted        |       |     1 |       |     1 ||     2
 Armour: Animal skin       |    48 |    71 |   136 |    87 ||   342
         Acid dragon scale |       |       |       |    14 ||    14
         Steam dragon scal |       |       |       |   102 ||   102
         Skin              |       |       |       |    28 ||    28
  Dodge: Dodged            |    40 |    57 |   150 |   309 ||   556

Table legend: (Time is in decaauts)
 A = Elapsed time spent in this place.
 B = Non-inter-level travel time spent in this place.
 C = Inter-level travel time spent in this place.
 D = Time resting spent in this place.
 E = Time spent auto-exploring this place.
 F = Levels seen in this place.
 G = Mean time per level.
                   A        B        C        D        E       F      G
               +--------+--------+--------+--------+--------+-----+--------+
         Total |   8787 |   5637 |   3150 |      0 |      0 |  13 |  675.9 |
       Dungeon |   8135 |   4985 |   3150 |      0 |      0 |  10 |  813.5 |
        Temple |     73 |     73 |      0 |      0 |      0 |   1 |   73.0 |
         Sewer |    342 |    342 |      0 |      0 |      0 |   1 |  342.0 |
       Ossuary |    236 |    236 |      0 |      0 |      0 |   1 |  236.0 |
               +--------+--------+--------+--------+--------+-----+--------+

Top non-repeatable levels by time:
     D:4: 1391 daAuts
     D:7: 1222 daAuts
     D:3: 1058 daAuts
     D:8: 1001 daAuts
     D:2: 783 daAuts
     D:1: 780 daAuts
     D:6: 715 daAuts
     D:9: 683 daAuts
   Sewer: 342 daAuts
    D:10: 255 daAuts
     D:5: 243 daAuts
 Ossuary: 236 daAuts
  Temple: 73 daAuts
